 Dungeon Crawl Stone Soup version 0.30-a0-760-g5a9884bb7c (webtiles) character file.

Game seed: 7751468412828892684

1058 xian the Grave Robber (level 8, -1/46 HPs)
             Began as a Deep Elf Reaver on Feb 12, 2023.
             Was a Believer of Nemelex Xobeh.
             Slain by an orc
             ... wielding a +0 flail
              (3 damage)
             ... on level 6 of the Dungeon.
             The game lasted 00:13:24 (4848 turns).

xian the Grave Robber (Deep Elf Reaver)             Turns: 4848, Time: 00:13:24

Health: -1/46      AC:  7    Str: 11    XL:     8   Next: 6%
Magic:  15/15      EV: 12    Int: 19    God:    Nemelex Xobeh [**....]
Gold:   303        SH:  0    Dex: 13    Spells: 8/13 levels left

rFire   . . .      SeeInvis .    g - +5 demon blade (pain)
rCold   . . .      Faith    .    (no shield)
rNeg    . . .      Spirit   .    b - +1 leather armour
rPois   .          Reflect  .    (no helmet)
rElec   .          Harm     .    w - +2 cloak
rCorr   .          Rampage  .    (no gloves)
Will    .....                    (no boots)
Stlth   +                        (no amulet)
HPRegen 0.27/turn                (no ring)
MPRegen 0.14/turn                (no ring)

@: confused, about to teleport, ambrosia-drunk, hasted, very quick
A: no striking features
a: Renounce Religion, Draw Escape, Draw Destruction, Draw Summoning


You were on level 6 of the Dungeon.
You worshipped Nemelex Xobeh.
Nemelex Xobeh was pleased with you.
You visited 1 branch of the dungeon, and saw 6 of its levels.

You collected 303 gold pieces.

Inventory:

Hand Weapons
 g - a +5 demon blade of pain (weapon)
 i - a +1 war axe of distortion
Missiles
 d - 22 stones (quivered)
 q - 13 poisoned darts
Armour
 b - a +1 leather armour (worn)
 k - a +0 plate armour
 w - a +2 cloak (worn)
Wands
 o - a wand of flame (13)
Scrolls
 c - 2 scrolls of teleportation
 e - 2 scrolls of poison
 p - a scroll of fear
 s - a scroll of immolation
 t - a scroll of identify
Potions
 a - a potion of degeneration {unknown}
 f - 2 potions of resistance {unknown}
 h - 2 potions of curing
 j - 2 potions of lignification {unknown}
 l - 2 potions of might {unknown}
 m - a potion of haste
 n - a potion of mutation
 r - a potion of invisibility
 v - a potion of flight {unknown}


   Skills:
 + Level 3.1 Fighting
 + Level 3.8(4.9) Short Blades
 + Level 4.3(4.9) Long Blades
 + Level 1.0 Throwing
 + Level 2.9 Armour
 + Level 3.8 Dodging
 + Level 2.0 Stealth
 + Level 3.3 Spellcasting
 + Level 4.0 Conjurations
 * Level 4.3 Necromancy


You had 8 spell levels left.
You knew the following spells:

 Your Spells              Type           Power      Damage    Failure   Level
a - Kiss of Death         Conj/Necr      76%        2d11      3%          1
b - Momentum Strike       Conj/Tloc      20%        3d8       12%         2
c - Blink                 Tloc           6%         N/A       28%         2

Your spell library contained the following spells:

 Spells                   Type           Power      Damage    Failure   Level
 Beastly Appendage        Tmut           6%         N/A       19%         1
 Dazzling Flash           Conj/Hex       20%        N/A       24%         3
 Hailstorm                Conj/Ice       10%        3d5       24%         3
 Lesser Beckoning         Tloc           6%         N/A       28%         2
 Wereblood                Tmut           3%         N/A       28%         2
 Spider Form              Tmut/Pois      3%         N/A       50%         3
 Tukima's Dance           Hex            3%         N/A       50%         3
 Agony                    Necr           19%        N/A       65%         5
 Manifold Assault         Tloc           3%         N/A       88%         4
 Passage of Golubria      Tloc           3%         N/A       88%         4
 Silence                  Hex/Air        1%         N/A       99%         5
 Yara's Violent Unravell  Hex/Tmut       1%         3d3       99%         5
 Storm Form               Tmut/Air       1%         N/A       100%        7


Dungeon Overview and Level Annotations

Branches:
Dungeon (6/15)             Temple (0/1) D:4

Altars:
Elyvilon
Fedhas
Kikubaaqudgha
Nemelex Xobeh
Vehumet

Shops:
D:1 :   D:4 =   D:5 :


Message History

You open the door.
An orc wizard and a gnoll sergeant come into view.
The orc wizard is wielding a +1 vampiric dagger.
The gnoll sergeant shouts!
You hear a shout!
The orc misses you. x2
The gnoll hits you from afar with a +0 spear.
Found a leather armour.
The orc closely misses you. The orc hits you with a +0 flail.
The gnoll misses you. The gnoll sergeant barely misses you.
An orc comes into view. It is wielding a +0 club.
There is an open door here.
As you read the scroll of teleportation, it crumbles to dust.
You feel strangely unstable.
The orc wizard shouts!
The orc barely misses you. The orc hits you with a +0 flail.
The gnoll misses you.
The gnoll sergeant hits you from afar with a +0 spear!
* * * LOW HITPOINT WARNING * * *
Unknown command.
The orc barely misses you. The orc misses you. The gnoll barely misses you.
Okay, then.
You feel better. The orc hits you with a +0 hand axe.
The orc hits you with a +0 flail!
* * * LOW HITPOINT WARNING * * *
The gnoll hits you but does no damage.
The gnoll sergeant hits you from afar with a +0 spear!
* * * LOW HITPOINT WARNING * * *
It was a potion of haste.
You feel yourself speed up.
The orc closely misses you. x2; The gnoll barely misses you.
The gnoll sergeant hits you but does no damage.
It was a potion of ambrosia.
You are confused.
You feel invigorated.
The orc wizard hits you but does no damage.
The orc misses you.
The gnoll hits you from afar with a +0 spear.
* * * LOW HITPOINT WARNING * * *
The orc hits you with a +0 flail.
You die...
Your body disappears without a glow.

... ≈~≈ ≈≈ #####
#...# .Og########
#o#.......
#@og.o...[
#o#.......
#g################
#OK....#.+........
#...g..#$#....K.o.
#.###)##)#....g.og
#.#..K.#$#..O.....
#.#...g###'######
#+#....O........#


You could see a kobold brigand, 2 ogres, a gnoll sergeant, an orc wizard, 2
gnolls and 3 orcs.

Vanquished Creatures
  Eustachio (D:4)
  Menkaure (D:4)
  A black bear (D:5)
  2 ogres
  A phantom (D:4)
  A kobold brigand (D:6)
  2 scorpions (D:4)
  2 orc priests
  Crazy Yiuf (D:5)
  2 orc wizards
  6 adders
  3 gnolls (D:3)
  4 dart slugs
  8 orcs
  6 ball pythons
  5 endoplasms
  6 giant cockroaches
  7 goblins
  5 hobgoblins
  5 jackals
  8 quokkas
  4 bats
  5 frilled lizards
  8 kobolds
  5 rats
99 creatures vanquished.

Vanquished Creatures (others)
  5 fungi (D:4)
5 creatures vanquished.

Grand Total: 104 creatures vanquished

Notes
Turn   | Place    | Note
-------+----------+-------------------------------------------
     0 | D:1      | xian the Deep Elf Reaver began the quest for the Orb.
     0 | D:1      | Reached XP level 1. HP: 12/12 MP: 6/6
   163 | D:1      | Found Doc Simu's Book Emporium.
   248 | D:1      | Reached XP level 2. HP: 13/16 MP: 8/8
   254 | D:1      | Learned a level 2 spell: Momentum Strike
   864 | D:2      | Reached XP level 3. HP: 16/21 MP: 9/9
  1179 | D:2      | Found a sparkling altar of Nemelex Xobeh.
  1225 | D:2      | Became a worshipper of Nemelex Xobeh the Trickster
  1490 | D:2      | Identified a scroll of acquirement
  1491 | D:2      | Acquired a +2 demon blade of pain
  1735 | D:3      | Reached XP level 4. HP: 26/26 MP: 10/10
  1749 | D:3      | HP: 1/26 [frilled lizard (1)]
  1754 | D:3      | Reached skill level 1 in Armour
  2524 | D:3      | Reached skill level 1 in Long Blades
  2528 | D:3      | Reached XP level 5. HP: 27/30 MP: 11/11
  2530 | D:3      | Reached skill level 1 in Stealth
  2589 | D:3      | Reached * piety under Nemelex Xobeh
  2987 | D:4      | Found a sparkling altar of Nemelex Xobeh.
  3022 | D:4      | Reached skill level 1 in Necromancy
  3176 | D:4      | Found Dyahir's Jewellery Emporium.
  3198 | D:4      | Received a gift from Nemelex Xobeh
  3209 | D:4      | Noticed Eustachio
  3217 | D:4      | Killed Eustachio
  3218 | D:4      | Reached XP level 6. HP: 18/36 MP: 9/12
  3320 | D:4      | Learned a level 2 spell: Blink
  3333 | D:4      | Noticed Menkaure
  3345 | D:4      | Killed Menkaure
  3352 | D:4      | Reached XP level 7. HP: 5/40 MP: 11/13
  3557 | D:4      | Found an ancient bone altar of Kikubaaqudgha.
  3612 | D:4      | Found a white marble altar of Elyvilon.
  3612 | D:4      | Found a blossoming altar of Fedhas.
  3708 | D:4      | Found a staircase to the Ecumenical Temple.
  4246 | D:5      | Entered Level 5 of the Dungeon
  4259 | D:5      | Found Zuestr Syhi's Vocational Training.
  4582 | D:5      | Reached ** piety under Nemelex Xobeh
  4583 | D:5      | Found a radiant altar of Vehumet.
  4710 | D:5      | Found a runed translucent door.
  4711 | D:5      | Noticed Crazy Yiuf
  4717 | D:5      | Killed Crazy Yiuf
  4796 | D:6      | Reached skill level 1 in Throwing
  4806 | D:6      | Reached XP level 8. HP: 26/46 MP: 9/15
  4828 | D:6      | Noticed a kobold demonologist
  4846 | D:6      | HP: 1/46 [gnoll sergeant/+0 spear (7)]
  4848 | D:6      | Slain by an orc

Illustrated notes

Levels and vault maps discovered:
D:1:      lightli_arrival_flooded_house, layout_basic, serial_shops, shop
D:2:      layout_basic, basic_altar, minmay_small_reverse_x
D:3:      layout_basic, minmay_fractal_squares_5
D:4:      layout_basic, mainiacjoe_overflow_chevrons,
          gammafunk_temple_overflow_statue, kiku_gazebo_pond_becter,
          temple_statues, serial_shops,
          nicolae_shop_temple_entry_statues_fountains, uniq_menkaure,
          uniq_eustachio
D:5:      layout_basic, mainiacjoe_overflow_cross_hatched,
          mainiacjoe_overflow_alcove_1, nicolae_shop_vocational,
          uniq_prince_ribbit1, uniq_crazy_yiuf_cottage
D:6:      lemuel_castle_with_subvaults [lemuel_castle_interior_carwin_1],
          layout_loops_corners, gup_sewer_entry_pipe,
          eino_small_chamber_without_monster

Skill      XL: |  1  2  3  4  5  6  7 |
---------------+----------------------+-----
Fighting       | 2 3 |  3.1
Armour         | 1 2 |  2.9
Dodging        | 3 |  3.8
Long Blades    | 1 2 3 4 |  4.3
Stealth        | 1 2 |  2.0
Necromancy     | 2 4 |  4.3
Conjurations   | 4 |  4.0
Throwing       | 1 |  1.0
Short Blades   | |  3.8
Spellcasting   | |  3.3

Action                     |  1- 3 |  4- 6 |  7- 9 || total
---------------------------+-------+-------+-------++-------
  Melee: Short sword       |   158 |       |       ||   158
         Demon blade       |    17 |   102 |    50 ||   169
         Punch             |       |     1 |       ||     1
  Throw: Stone             |       |    27 |    14 ||    41
   Cast: Momentum Strike   |     2 |     2 |     6 ||    10
         Kiss of Death     |       |       |     2 ||     2
    Use: Scroll            |     8 |     2 |     5 ||    15
         Potion            |       |     1 |     4 ||     5
   Stab: Sleeping          |       |     1 |       ||     1
 Armour: Leather armour    |    43 |    26 |    17 ||    86
  Dodge: Dodged            |    98 |    64 |    42 ||   204

Table legend: (Time is in decaauts)
 A = Elapsed time spent in this place.
 B = Non-inter-level travel time spent in this place.
 C = Inter-level travel time spent in this place.
 D = Time resting spent in this place.
 E = Time spent auto-exploring this place.
 F = Levels seen in this place.
 G = Mean time per level.
                   A        B        C        D        E       F      G
               +--------+--------+--------+--------+--------+-----+--------+
         Total |   4852 |   4719 |    133 |     12 |   3612 |   6 |  808.7 |
       Dungeon |   4852 |   4719 |    133 |     12 |   3612 |   6 |  808.7 |
               +--------+--------+--------+--------+--------+-----+--------+

Top non-repeatable levels by time:
     D:3: 1377 daAuts
     D:4: 1331 daAuts
     D:2: 800 daAuts
     D:1: 738 daAuts
     D:5: 529 daAuts
     D:6: 75 daAuts
